 Dungeon Crawl Stone Soup version 0.27-a0-1299-g1ab19c6527 (webtiles) character file.

Game seed: 11800229494410173855

17 mordus the Poker (level 2, -3/26 HPs)
             Began as a Draconian Monk on June 16, 2021.
             Slain by Natasha (6 damage)
             ... on level 1 of the Dungeon.
             The game lasted 00:01:21 (848 turns).

mordus the Poker (Draconian Monk)                    Turns: 848, Time: 00:01:22

Health: -3/26      AC:  4    Str: 13    XL:     2   Next: 44%
Magic:  2/2        EV: 12    Int: 10    God:
Gold:   77         SH:  0    Dex: 13    Spells: 1/1 levels left

rFire    . . .     SeeInvis .   a - +0 spear
rCold    . . .     Faith    .   (no shield)
rNeg     . . .     Spirit   .   (armour unavailable)
rPois    .         Reflect  .   (helmet restricted)
rElec    .         Harm     .   (no cloak)
rCorr    .         Rampage  .   (no gloves)
Will     .....                  (no boots)
Stlth    ++........             (no amulet)
HPRegen  0.08/turn              (no ring)
MPRegen  0.08/turn              (no ring)

@: slowed, very slow
A: AC +4, unfitting armour, cold-blooded
a: no special abilities


You were on level 1 of the Dungeon.
You visited 1 branch of the dungeon, and saw 2 of its levels.

You collected 77 gold pieces.

Inventory:

Hand Weapons
 a - a +0 spear (weapon)
Scrolls
 b - a scroll of silence {unknown}
Potions
 c - a potion of ambrosia {unknown}


   Skills:
 - Level 3.2 Fighting
 * Level 3.9 Polearms
 - Level 2.6 Dodging
 - Level 1.7 Stealth


You had one spell level left.
You didn't know any spells.
Your spell library contained the following spells:

 Spells                   Type           Power      Damage    Failure   Level
 Magic Dart               Conj           0%         1d3       36%         1
 Searing Ray              Conj           0%         3d3       50%         2
 Dazzling Flash           Conj/Hex       0%         N/A       75%         3
 Fulminant Prism          Conj/Hex       0%         3d6       98%         4
 Iskenderun's Mystic Bla  Conj/Tloc      0%         2d3       98%         4


Dungeon Overview and Level Annotations

Branches:
Dungeon (2/15)

Altars:

Annotations:
D:1 Natasha


Innate Abilities, Weirdness & Mutations

Your plain brown scales are hard. (AC +4)
You cannot fit into any form of body armour.
You are cold-blooded and may be slowed by cold attacks.


Message History

You hit the crimson imp.
The crimson imp is moderately wounded.
The crimson imp blinks!
Natasha claws you. The gnoll barely misses you.
Natasha claws you but does no damage.
The crimson imp blinks!
The crimson imp disappears in a puff of smoke!
Natasha completely misses you. Natasha closely misses you.
Natasha wildly gestures.
You feel troubled. Natasha casts a spell at you.
The magic dart hits you but does no damage.
There is a stone staircase leading up here.
Natasha claws you but does no damage. The gnoll barely misses you.
The gnoll hits you from afar with a +0 spear.
Natasha claws you.
You climb upwards.
There is a stone staircase leading down here.
You hit Natasha. You tail-slap Natasha.
Natasha is moderately wounded.
Natasha mumbles some strange words.
You closely miss Natasha.
Natasha is moderately wounded.
Natasha stares at you and mumbles some strange words.
The magic dart hits you!
* * * LOW HITPOINT WARNING * * *
The white imp gestures at you. The puff of frost misses you.
You closely miss Natasha.
Your tail-slap misses Natasha.
Natasha is moderately wounded.
Natasha wildly gestures.
You feel disoriented.
Natasha stares at you and mumbles some strange words.
The magic dart hits you.
* * * LOW HITPOINT WARNING * * *
Natasha closely misses you.
You closely miss Natasha. You tail-slap Natasha.
Natasha is heavily wounded.
Natasha claws you.
You die...

## #....#
#...............# .#
#.####
#...#.###########
.####.# #.#.#.# ....#.#
#.#.#.# ....+.#
###.#+#############
....###
#.............##.#
.####
##.............##.# <#
#####..............##.#
##
#........@.........##.#
#.###....5h......).##.#
#.# #...........)..##.#
#.# #..............##.#
########.#
#..............##.#
.........#
#..............##.#
.........#
#..............##.#
.........#
#.###########.###.#
.........#
#.............###.#


You could see Natasha and a white imp (summoned).

Vanquished Creatures
  3 ball pythons (D:1)
  A bat (D:1)
  4 endoplasms (D:1)
  2 giant cockroaches
  A goblin (D:1)
  A hobgoblin (D:1)
  2 frilled lizards (D:1)
  A kobold (D:1)
15 creatures vanquished.

Notes
Turn   | Place    | Note
-------+----------+-------------------------------------------
     0 | D:1      | mordus the Draconian Monk began the quest for the Orb.
     0 | D:1      | Reached XP level 1. HP: 19/19 MP: 1/1
   278 | D:1      | Reached XP level 2. HP: 25/26 MP: 2/2
   500 | D:1      | Found a faded altar of an unknown god.
   817 | D:2      | Noticed Natasha
   823 | D:2      | Noticed a crimson imp
   848 | D:1      | Slain by Natasha

Illustrated notes

Levels and vault maps discovered:
D:1:      minmay_arrival_cross, layout_basic, hellmonk_ecumenical_altar_run_dry,
          chequers_serial_rivers_small_b, minmay_tree_intersection
D:2:      layout_rooms, basic_altar, minmay_cut_off, uniq_natasha, uniq_robin,
          uniq_crazy_yiuf_cottage

Action                   || total
-------------------------++-------
Melee: Spear             ||    49
       Tailslap          ||     6
 Stab: Sleeping          ||     5
Armor: Skin              ||     9
Dodge: Dodged            ||    19

Table legend: (Time is in decaauts)
 A = Elapsed time spent in this place.
 B = Non-inter-level travel time spent in this place.
 C = Inter-level travel time spent in this place.
 D = Time resting spent in this place.
 E = Time spent auto-exploring this place.
 F = Levels seen in this place.
 G = Mean time per level.
                   A        B        C        D        E       F      G
               +--------+--------+--------+--------+--------+-----+--------+
         Total |    854 |    835 |     19 |      0 |    710 |   2 |  427.0 |
       Dungeon |    854 |    835 |     19 |      0 |    710 |   2 |  427.0 |
               +--------+--------+--------+--------+--------+-----+--------+

Top non-repeatable levels by time:
     D:1: 803 daAuts
     D:2: 51 daAuts
